[ AOE2 MATCH · #474426832 ]
1v1 RMCelts vs Turks
Player's team · LOSS
Rival team · WIN
[ REPLAY ANALYSIS · EXTRACTED FROM THE RECORDED GAME ]
Feudal
16:35
Castle
32:49
Imperial
49:20
| APM avg | 15.8 |
| APM peak | 48 |
| eAPM avg | 12.2 |
| Villagers / military | 141 / 256 |
Focus
⚔️ 37.8% · 🌾 62.2%
Skirmisher ×114 · Spearman ×113 · Archer ×12 · Scorpion ×11 · Woad Raider ×4 · Mangonel ×2
Feudal
11:10
Castle
27:30
Imperial
42:57
| APM avg | 21.3 |
| APM peak | 43 |
| eAPM avg | 16.5 |
| Villagers / military | 135 / 180 |
Focus
⚔️ 40.2% · 🌾 59.8%
Scout Cavalry ×89 · Janissary ×82 · Bombard Cannon ×7 · Battering Ram ×1 · Monk ×1
Match map
Initial resources + every placement click. Lines = walls · curves = elevation contours. ◆ gold · ⬟ stone · ● berries · ✦ relic · ◌ wall gap
Your base· Open — 8t gap
curse money's base· ✓ Closed at 27:30 · 92t walls · 1 gate(s)
Smoothed initial terrain · ◌ = detected wall gap · hover for details
Inputs per minute
— irving_ame - - curse money
Build order — irving_ame
First 150 of 485 actions detected
| 0:10 | Build | House |
| 0:12 | Build | House |
| 0:21 | Build | House |
| 0:39 | Create | Villager (Male) ×4 |
| 0:40 | Research | Loom |
| 2:25 | Create | Villager (Male) |
| 3:45 | Create | Villager (Male) |
| 3:46 | Create | Villager (Male) |
| 4:40 | Create | Villager (Male) |
| 5:08 | Create | Villager (Male) |
| 5:08 | Create | Villager (Male) |
| 6:03 | Create | Villager (Male) |
| 6:57 | Build | House |
| 6:58 | Build | House |
| 7:15 | Create | Villager (Male) |
| 7:15 | Create | Villager (Male) |
| 7:16 | Create | Villager (Male) |
| 7:16 | Create | Villager (Male) |
| 7:16 | Create | Villager (Male) |
| 8:03 | Build | Lumber Camp |
| 10:07 | Create | Villager (Male) |
| 10:07 | Create | Villager (Male) |
| 10:08 | Create | Villager (Male) |
| 10:08 | Create | Villager (Male) |
| 10:08 | Create | Villager (Male) |
| 10:47 | Build | Mill |
| 10:59 | Build | House |
| 11:00 | Build | House |
| 11:27 | Build | Farm |
| 11:29 | Build | Farm |
| 11:30 | Build | Farm |
| 11:32 | Build | Farm |
| 11:33 | Build | Farm |
| 11:34 | Build | Farm |
| 11:35 | Build | Farm |
| 11:36 | Build | Farm |
| 11:37 | Build | Farm |
| 12:20 | Create | Villager (Male) |
| 12:21 | Create | Villager (Male) |
| 12:21 | Create | Villager (Male) |
| 12:21 | Create | Villager (Male) |
| 12:22 | Create | Villager (Male) |
| 12:30 | Build | Farm |
| 13:02 | Build | Mining Camp |
| 13:40 | Research | Feudal Age |
| 16:18 | Build | House |
| 16:20 | Build | House |
| 16:35 | Age | Feudal Age |
| 16:40 | Create | Villager (Male) |
| 16:40 | Create | Villager (Male) |
| 16:41 | Create | Villager (Male) |
| 16:41 | Create | Villager (Male) |
| 16:48 | Research | Double-Bit Axe |
| 16:52 | Research | Horse Collar |
| 16:55 | Research | Gold Mining |
| 17:08 | Build | Barracks |
| 17:21 | Build | Farm |
| 17:41 | Build | Farm |
| 18:02 | Build | Farm |
| 18:28 | Build | Farm |
| 18:35 | Create | Villager (Male) |
| 18:36 | Create | Villager (Male) |
| 18:36 | Create | Villager (Male) |
| 18:36 | Create | Villager (Male) |
| 18:36 | Create | Villager (Male) |
| 18:42 | Build | Archery Range |
| 18:47 | Build | House |
| 18:48 | Build | House |
| 18:56 | Build | Blacksmith |
| 19:57 | Build | Lumber Camp |
| 21:05 | Create | Spearman ×5 |
| 21:05 | Create | Spearman ×5 |
| 21:05 | Create | Spearman ×5 |
| 21:08 | Create | Skirmisher ×5 |
| 21:09 | Create | Skirmisher ×5 |
| 21:09 | Create | Skirmisher ×5 |
| 21:25 | Build | Farm |
| 21:38 | Research | Scale Mail Armor |
| 21:49 | Build | Farm |
| 21:51 | Build | Farm |
| 21:58 | Build | House |
| 21:59 | Build | House |
| 23:25 | Create | Villager (Male) |
| 23:25 | Create | Villager (Male) |
| 23:26 | Create | Villager (Male) |
| 23:26 | Create | Villager (Male) |
| 23:26 | Create | Villager (Male) |
| 23:31 | Create | Villager (Male) |
| 23:31 | Create | Villager (Male) |
| 23:32 | Create | Villager (Male) |
| 23:32 | Create | Villager (Male) |
| 23:45 | Build | House |
| 23:46 | Build | House |
| 23:47 | Build | House |
| 23:48 | Build | Farm |
| 25:07 | Create | Skirmisher |
| 25:07 | Create | Skirmisher |
| 25:08 | Create | Skirmisher |
| 25:08 | Create | Skirmisher |
| 25:10 | Research | Padded Archer Armor |
| 25:15 | Research | Fletching |
| 25:16 | Research | Forging |
| 25:30 | Build | House |
| 25:31 | Build | Farm |
| 26:49 | Create | Skirmisher |
| 26:49 | Create | Skirmisher |
| 27:14 | Create | Villager (Male) |
| 27:14 | Create | Villager (Male) |
| 27:14 | Create | Villager (Male) |
| 27:15 | Create | Villager (Male) |
| 27:15 | Create | Villager (Male) |
| 27:16 | Create | Villager (Male) |
| 27:18 | Create | Villager (Male) |
| 27:19 | Research | Castle Age |
| 27:47 | Create | Skirmisher |
| 27:47 | Create | Skirmisher |
| 27:47 | Create | Skirmisher |
| 27:52 | Create | Spearman |
| 27:52 | Create | Spearman |
| 27:53 | Create | Spearman |
| 27:53 | Create | Spearman |
| 28:45 | Build | Archery Range |
| 28:52 | Build | Barracks |
| 28:59 | Create | Spearman |
| 29:00 | Create | Spearman |
| 29:02 | Create | Skirmisher |
| 29:03 | Create | Skirmisher |
| 29:05 | Research | Arson |
| 29:25 | Build | Lumber Camp |
| 29:38 | Create | Skirmisher |
| 29:38 | Create | Skirmisher |
| 29:48 | Research | Stone Mining |
| 29:58 | Create | Spearman |
| 29:58 | Create | Spearman |
| 29:58 | Create | Spearman |
| 29:59 | Create | Spearman |
| 29:59 | Create | Spearman |
| 30:30 | Build | House |
| 30:31 | Build | House |
| 32:25 | Create | Skirmisher |
| 32:25 | Create | Skirmisher |
| 32:26 | Create | Skirmisher |
| 32:29 | Create | Spearman |
| 32:30 | Create | Spearman |
| 32:30 | Create | Spearman |
| 32:33 | Create | Skirmisher |
| 32:33 | Create | Skirmisher |
| 32:33 | Create | Skirmisher |
| 32:33 | Create | Skirmisher |
| 32:49 | Age | Castle Age |
Build order — curse money
First 150 of 486 actions detected
| 0:01 | Create | Villager (Male) |
| 0:01 | Create | Villager (Male) |
| 0:02 | Create | Villager (Male) |
| 0:02 | Create | Villager (Male) |
| 0:02 | Create | Villager (Male) |
| 0:05 | Build | House |
| 0:07 | Build | House |
| 1:32 | Create | Villager (Male) |
| 1:49 | Build | Lumber Camp |
| 2:05 | Create | Villager (Male) |
| 2:13 | Create | Villager (Male) |
| 2:40 | Create | Villager (Male) |
| 3:05 | Build | House |
| 3:07 | Build | House |
| 3:17 | Create | Villager (Male) |
| 3:49 | Create | Villager (Male) |
| 4:23 | Build | Mill |
| 4:37 | Create | Villager (Male) |
| 5:18 | Create | Villager (Male) |
| 5:19 | Create | Villager (Male) |
| 5:36 | Create | Villager (Male) |
| 6:08 | Create | Villager (Male) |
| 6:55 | Create | Villager (Male) |
| 7:11 | Create | Villager (Male) |
| 7:44 | Build | Palisade Wall |
| 7:58 | Create | Villager (Male) |
| 8:08 | Build | House |
| 8:26 | Create | Villager (Male) |
| 9:00 | Research | Feudal Age |
| 9:20 | Build | Mining Camp |
| 9:35 | Build | Barracks |
| 10:47 | Build | Palisade Wall |
| 10:51 | Build | Palisade Wall |
| 11:10 | Age | Feudal Age |
| 11:10 | Create | Villager (Male) |
| 11:11 | Create | Villager (Male) |
| 11:16 | Build | Blacksmith |
| 11:48 | Build | Palisade Wall |
| 12:03 | Build | Palisade Wall |
| 12:28 | Build | Stable |
| 12:31 | Build | Palisade Wall |
| 12:34 | Build | Palisade Wall |
| 13:17 | Build | Stable |
| 13:33 | Create | Villager (Male) |
| 13:33 | Create | Villager (Male) |
| 13:36 | Create | Villager (Male) |
| 13:36 | Create | Villager (Male) |
| 13:37 | Create | Villager (Male) |
| 13:37 | Create | Villager (Male) |
| 13:37 | Create | Villager (Male) |
| 13:38 | Create | Villager (Male) |
| 13:48 | Research | Forging |
| 13:59 | Research | Scale Barding Armor |
| 14:06 | Research | Horse Collar |
| 14:11 | Build | Farm |
| 14:14 | Build | Farm |
| 14:27 | Build | Farm |
| 14:59 | Build | Farm |
| 15:03 | Build | Farm |
| 15:17 | Build | Farm |
| 15:30 | Build | Mill |
| 15:37 | Build | Mill |
| 15:48 | Build | Gate |
| 15:57 | Create | Villager (Male) |
| 16:19 | Build | House |
| 16:21 | Build | House |
| 16:22 | Build | House |
| 16:23 | Build | House |
| 16:40 | Create | Scout Cavalry |
| 16:50 | Build | Mining Camp |
| 16:54 | Create | Villager (Male) |
| 17:00 | Create | Villager (Male) |
| 17:52 | Create | Scout Cavalry |
| 17:58 | Research | Bloodlines |
| 18:47 | Build | Farm |
| 18:50 | Build | Farm |
| 18:55 | Build | Farm |
| 18:58 | Create | Villager (Male) |
| 18:58 | Create | Villager (Male) |
| 19:14 | Create | Scout Cavalry |
| 19:14 | Create | Scout Cavalry |
| 19:38 | Create | Scout Cavalry |
| 19:58 | Create | Scout Cavalry |
| 21:28 | Create | Villager (Male) |
| 21:29 | Create | Villager (Male) |
| 21:29 | Create | Villager (Male) |
| 21:29 | Create | Villager (Male) |
| 21:30 | Create | Villager (Male) |
| 21:30 | Create | Villager (Male) |
| 21:37 | Research | Double-Bit Axe |
| 21:43 | Build | Farm |
| 21:43 | Build | Farm |
| 21:44 | Build | Farm |
| 21:44 | Build | Farm |
| 21:53 | Create | Villager (Male) |
| 23:10 | Create | Villager (Male) |
| 23:10 | Create | Villager (Male) |
| 23:30 | Build | Farm |
| 23:31 | Build | Farm |
| 23:32 | Build | Farm |
| 23:33 | Build | Farm |
| 23:36 | Create | Villager (Male) |
| 23:36 | Create | Villager (Male) |
| 23:43 | Build | Lumber Camp |
| 24:50 | Research | Castle Age |
| 25:51 | Research | Gold Mining |
| 26:00 | Research | Wheelbarrow |
| 26:18 | Create | Villager (Male) |
| 26:18 | Create | Villager (Male) |
| 26:18 | Create | Villager (Male) |
| 26:20 | Create | Villager (Male) |
| 26:20 | Create | Villager (Male) |
| 26:45 | Build | Blacksmith |
| 27:30 | Age | Castle Age |
| 27:32 | Research | Iron Casting |
| 27:33 | Research | Chain Barding Armor |
| 27:54 | Build | Town Center |
| 28:06 | Build | Castle |
| 28:15 | Build | Farm |
| 28:33 | Build | Farm |
| 28:55 | Create | Villager (Male) |
| 28:55 | Create | Villager (Male) |
| 28:56 | Create | Villager (Male) |
| 28:56 | Create | Villager (Male) |
| 28:57 | Create | Villager (Male) |
| 28:57 | Create | Villager (Male) |
| 28:58 | Create | Villager (Male) |
| 28:58 | Create | Villager (Male) |
| 29:11 | Build | Lumber Camp |
| 29:22 | Research | Padded Archer Armor |
| 29:30 | Build | Farm |
| 29:42 | Create | Janissary |
| 29:43 | Create | Janissary |
| 29:49 | Create | Janissary |
| 30:03 | Create | Villager (Male) |
| 30:04 | Create | Villager (Male) |
| 31:07 | Create | Villager (Male) |
| 31:08 | Create | Villager (Male) |
| 31:08 | Create | Villager (Male) |
| 31:55 | Build | Castle |
| 32:01 | Build | Mining Camp |
| 32:08 | Build | Lumber Camp |
| 32:11 | Create | Villager (Male) |
| 32:12 | Create | Villager (Male) |
| 32:12 | Create | Villager (Male) |
| 32:13 | Create | Villager (Male) |
| 32:22 | Research | Hand Cart |
| 32:24 | Create | Villager (Male) |
| 32:24 | Create | Villager (Male) |
| 32:30 | Build | Town Center |
Match timeline
| 7:44 | curse money · wall_segment Palisade Wall x36 |
| 9:35 | curse money · first_building Barracks |
| 10:47 | curse money · wall_segment Palisade Wall x9 |
| 10:51 | curse money · wall_segment Palisade Wall x10 |
| 11:10 | curse money · age_up feudal |
| 11:48 | curse money · wall_segment Palisade Wall x20 |
| 12:03 | curse money · wall_segment Palisade Wall x12 |
| 12:28 | curse money · first_building Stable |
| 12:31 | curse money · wall_segment Palisade Wall x1 |
| 12:34 | curse money · wall_segment Palisade Wall x4 |
| 16:35 | irving_ame · age_up feudal |
| 17:08 | irving_ame · first_building Barracks |
| 18:42 | irving_ame · first_building Archery Range |
| 27:30 | curse money · age_up castle |
| 28:06 | curse money · first_building Castle |
| 32:45 | curse money · first_building Siege Workshop |
| 32:49 | irving_ame · age_up castle |
| 37:20 | irving_ame · first_building Castle |
| 38:52 | curse money · first_market_buy 100 food |
| 42:32 | curse money · first_building Monastery |
| 42:57 | curse money · age_up imperial |
| 45:17 | curse money · first_market_sell 100 wood |
| 49:20 | irving_ame · age_up imperial |
| 56:45 | irving_ame · first_building Siege Workshop |
| 61:01 | irving_ame · resign |
[ AI ANALYSIS · 1 CREDIT ]
What really happened in this match?
Wolo.gg analyzes every decision: build order, eco, micro, common mistakes by bracket. Personalized analysis on WhatsApp or Discord in 30 seconds.
Civ guide
Celts
Map guide
Golden Pit
Perfil
irving_ame